[Event "European Online Club-ch-C 2021"]
[Site "Online"]
[Date "2021.03.27"]
[Round "5.1"]
[White "Michalik, Peter"]
[Black "Sahin, Ozgun"]
[Result "1-0"]
[ECO "D37"]
[WhiteElo "2594"]
[BlackElo "2281"]
[Annotator "ChessBase"]
[PlyCount "51"]
[EventDate "2021.03.27"]
[EventType "team-tourn"]
[EventCountry "NET"]
[SourceTitle "playchess.com"]
[Source "ChessBase"]
[SourceQuality "1"]
[TimeControl "900+5"]

1. d4 d5 2. c4 e6 3. Nf3 Nf6 4. Nc3 Be7 5. Bf4 O-O 6. a3 c5 7. dxc5 Bxc5 8. e3 Nc6 9. Qc2 Bd6 10. Bg5 Be7 11. Rd1 Qa5 12. Bd3 h6 13. Bh4 dxc4 14. Bxc4 a6 15. O-O b5 16. Ba2 Bb7 17. Bb1 g6 18. Bxf6 Bxf6 19. Ne4 Bg7 20. Nc5 Bc8 21. h4 h5 22. Ng5 e5 23. Nd7 Bxd7 24. Rxd7 Qb6 25. Rd6 Rac8 26. Rc1 1-0

[Event "European Online Club-ch-C 2021"]
[Site "Online"]
[Date "2021.03.27"]
[Round "5.2"]
[White "Okuyaz, Duru"]
[Black "Plat, Vojtech"]
[Result "1-0"]
[ECO "C41"]
[WhiteElo "2076"]
[BlackElo "2552"]
[Annotator "ChessBase"]
[PlyCount "67"]
[EventDate "2021.03.27"]
[EventType "team-tourn"]
[EventCountry "NET"]
[SourceTitle "playchess.com"]
[Source "ChessBase"]
[SourceQuality "1"]
[TimeControl "900+5"]

1. e4 d6 2. d4 Nf6 3. Nc3 e5 4. Nf3 exd4 5. Nxd4 Be7 6. Be2 O-O 7. O-O Re8 8. Be3 Bf8 9. f3 d5 10. Bg5 dxe4 11. Nxe4 Be7 12. Nxf6+ Bxf6 13. Bxf6 Qxf6 14. c3 a6 15. Bc4 c5 16. Ne2 Nc6 17. Ng3 Bf5 18. Qb3 Bg6 19. Bd5 b5 20. Ne4 Bxe4 21. fxe4 Qh6 22. Bxf7+ Kh8 23. Bxe8 Rxe8 24. Qf7 Rg8 25. Qf5 Qe3+ 26. Kh1 Na5 27. Rad1 Nc4 28. b3 Nd2 29. Rfe1 Qxc3 30. e5 c4 31. e6 cxb3 32. axb3 Nxb3 33. e7 Nd4 34. Qd5 1-0

[Event "European Online Club-ch-C 2021"]
[Site "Online"]
[Date "2021.03.27"]
[Round "5.3"]
[White "Stocek, Jiri"]
[Black "Gallevci, Yagiz"]
[Result "1-0"]
[ECO "A11"]
[WhiteElo "2604"]
[BlackElo "2069"]
[Annotator "ChessBase"]
[PlyCount "85"]
[EventDate "2021.03.27"]
[EventType "team-tourn"]
[EventCountry "NET"]
[SourceTitle "playchess.com"]
[Source "ChessBase"]
[SourceQuality "1"]
[TimeControl "900+5"]

1. c4 c6 2. Nf3 d5 3. g3 Nf6 4. Bg2 Bf5 5. Qb3 Qb6 6. d3 e6 7. Be3 Qxb3 8. axb3 Na6 9. O-O Bg4 10. h3 Bxf3 11. Bxf3 Bd6 12. Nc3 Ke7 13. Rfd1 Rhd8 14. g4 Nb4 15. Bxa7 Nd7 16. Be3 Nc2 17. Rxa8 Rxa8 18. d4 Nxe3 19. fxe3 Bb4 20. cxd5 cxd5 21. e4 Bxc3 22. bxc3 Nb6 23. exd5 exd5 24. e4 Ra3 25. Rb1 Kd6 26. e5+ Ke6 27. Rb2 Ra1+ 28. Kf2 Rc1 29. c4 f6 30. exf6 gxf6 31. c5 Nc8 32. Re2+ Kd7 33. Bxd5 Rd1 34. Be6+ Kd8 35. d5 Ne7 36. d6 Nc6 37. Bf5 h6 38. Re6 Nd4 39. Rxf6 Ke8 40. d7+ Ke7 41. Rf7+ Kxf7 42. d8=Q Rd2+ 43. Ke3 1-0

[Event "European Online Club-ch-C 2021"]
[Site "Online"]
[Date "2021.03.27"]
[Round "5.4"]
[White "Deveci, Huseyin Said"]
[Black "Krejci, Jan"]
[Result "0-1"]
[ECO "C68"]
[WhiteElo "1521"]
[BlackElo "2540"]
[Annotator "ChessBase"]
[PlyCount "124"]
[EventDate "2021.03.27"]
[EventType "team-tourn"]
[EventCountry "NET"]
[SourceTitle "playchess.com"]
[Source "ChessBase"]
[SourceQuality "1"]
[TimeControl "900+5"]

1. e4 e5 2. Nf3 Nc6 3. Bb5 a6 4. Bxc6 dxc6 5. O-O Qf6 6. d4 exd4 7. Qxd4 Bg4 8. e5 Qg6 9. Ng5 Bd7 10. Nc3 Be7 11. f4 Nh6 12. Kh1 Nf5 13. Qd3 h6 14. Nf3 O-O-O 15. Be3 Be6 16. Qe4 Bd5 17. Nxd5 Rxd5 18. Kg1 Nxe3 19. Qxg6 fxg6 20. Rf2 Bc5 21. Kh1 Rhd8 22. Re2 Rd1+ 23. Rxd1 Rxd1+ 24. Re1 Rxe1+ 25. Nxe1 Kd7 26. h3 Ke6 27. Nd3 Bb6 28. c3 c5 29. g3 c4 30. Ne1 Nd1 31. b3 cxb3 32. axb3 Nxc3 33. Kg2 Nb5 34. Kf3 Nd4+ 35. Ke4 Nxb3 36. g4 Nc5+ 37. Kf3 a5 38. Nc2 a4 39. Na3 g5 40. Nc4 gxf4 41. Kxf4 g5+ 42. Kf3 Nd7 43. Ke4 Bc5 44. Na5 a3 45. Nb3 a2 46. Na1 Nxe5 47. Nb3 b6 48. Na1 Nf7 49. Nb3 Nd6+ 50. Kf3 Kd5 51. Na1 Bd4 52. Nb3 a1=Q 53. Nxa1 Bxa1 54. Kg3 b5 55. h4 b4 56. hxg5 hxg5 57. Kf3 b3 58. Ke3 b2 59. Kf3 b1=Q 60. Ke3 Qe1+ 61. Kf3 Qf1+ 62. Kg3 Be5# 0-1

[Event "European Online Club-ch-C 2021"]
[Site "Online"]
[Date "2021.03.27"]
[Round "5.5"]
[White "Delgado Ramirez, Neuris"]
[Black "Bluebaum, Matthias"]
[Result "0-1"]
[ECO "C11"]
[WhiteElo "2615"]
[BlackElo "2670"]
[Annotator "ChessBase"]
[PlyCount "120"]
[EventDate "2021.03.27"]
[EventType "team-tourn"]
[EventCountry "NET"]
[SourceTitle "playchess.com"]
[Source "ChessBase"]
[SourceQuality "1"]
[TimeControl "900+5"]

1. e4 e6 2. d4 d5 3. Nc3 Nf6 4. e5 Nfd7 5. Nce2 c5 6. c3 Nc6 7. Nf3 Be7 8. a3 O-O 9. Nf4 Qa5 10. Bd3 Nxd4 11. Nxd4 cxd4 12. Qh5 f5 13. exf6 Nxf6 14. Qh4 e5 15. b4 Qd8 16. Ng6 e4 17. Nxf8 exd3 18. Qxd4 Qxf8 19. Qxd3 Be6 20. O-O Bd6 21. h3 Ne4 22. c4 Qf6 23. Ra2 Qc3 24. Rd2 Be5 25. Qxc3 Bxc3 26. Re2 Kf7 27. Rd1 Nf6 28. cxd5 Bxd5 29. Bb2 Bc4 30. Rc2 Bb3 31. Rxc3 Bxd1 32. Rc7+ Kg6 33. Rxb7 a6 34. Rb6 Be2 35. f4 Kf5 36. Rb7 Rg8 37. Be5 h5 38. Kf2 Bb5 39. Ra7 Nd5 40. Kf3 g5 41. g4+ hxg4+ 42. hxg4+ Ke6 43. a4 Bc4 44. b5 axb5 45. Ra6+ Ke7 46. Ra7+ Ke6 47. Ra6+ Kd7 48. axb5 gxf4 49. Rd6+ Ke7 50. b6 Ba6 51. Rh6 Kd7 52. Rd6+ Kc8 53. Rc6+ Kb7 54. Rd6 Ka8 55. Ke4 Bb7 56. Kd4 f3 57. Rd7 Rf8 58. Bg3 Nxb6 59. Rd6 Nc8 60. Rd7 f2 0-1

[Event "European Online Club-ch-C 2021"]
[Site "Online"]
[Date "2021.03.27"]
[Round "5.6"]
[White "Donchenko, Alexander"]
[Black "Martinez Alcantara, Jose Eduardo"]
[Result "0-1"]
[ECO "E33"]
[WhiteElo "2678"]
[BlackElo "2620"]
[Annotator "ChessBase"]
[PlyCount "104"]
[EventDate "2021.03.27"]
[EventType "team-tourn"]
[EventCountry "NET"]
[SourceTitle "playchess.com"]
[Source "ChessBase"]
[SourceQuality "1"]
[TimeControl "900+5"]

1. d4 Nf6 2. c4 e6 3. Nc3 Bb4 4. Qc2 d6 5. e3 Nc6 6. Bd3 e5 7. d5 Bxc3+ 8. Qxc3 Ne7 9. f3 O-O 10. Ne2 c5 11. e4 Ng6 12. Be3 a5 13. Qd2 Ne8 14. O-O-O f5 15. exf5 Bxf5 16. Bxf5 Rxf5 17. h4 Ne7 18. h5 Rf7 19. h6 g6 20. f4 Nf5 21. Rdf1 Nf6 22. fxe5 dxe5 23. Bg5 Ne4 24. Bxd8 Nxd2 25. Kxd2 Rxd8 26. Nc3 Nxh6 27. Na4 b5 28. Rxf7 Nxf7 29. cxb5 Rxd5+ 30. Ke2 Nd6 31. b6 Rd4 32. b3 c4 33. Rd1 Rxd1 34. Kxd1 cxb3 35. axb3 Nb7 36. Ke2 Kf7 37. Kd3 Ke6 38. Kc4 Kd6 39. Kb5 h5 40. Nc3 h4 41. Ne4+ Kd5 42. Ka6 Kc6 43. Ka7 Nd8 44. Ng5 Kd5 45. b7 e4 46. Kb6 Nxb7 47. Kxb7 e3 48. Kb6 e2 49. Nf3 g5 50. Kxa5 g4 51. Ne1 h3 52. gxh3 gxh3 0-1

[Event "European Online Club-ch-C 2021"]
[Site "Online"]
[Date "2021.03.27"]
[Round "5.7"]
[White "Guerrero Olmos, Sergio"]
[Black "Heimann, Andreas"]
[Result "1-0"]
[ECO "A48"]
[WhiteElo "2372"]
[BlackElo "2606"]
[Annotator "ChessBase"]
[PlyCount "79"]
[EventDate "2021.03.27"]
[EventType "team-tourn"]
[EventCountry "NET"]
[SourceTitle "playchess.com"]
[Source "ChessBase"]
[SourceQuality "1"]
[TimeControl "900+5"]

1. d4 Nf6 2. Nf3 g6 3. Bf4 Bg7 4. e3 d6 5. h3 O-O 6. Be2 c5 7. c3 Qb6 8. Qb3 Be6 9. Qa3 Ne4 10. O-O Nd7 11. Nbd2 Nxd2 12. Nxd2 Qc7 13. Bf3 f5 14. Rfe1 Bf7 15. Bh2 e5 16. e4 f4 17. b4 exd4 18. Bxf4 dxc3 19. Nb3 c4 20. Nc5 Ne5 21. Bxe5 Bxe5 22. Na4 Be6 23. Nxc3 Rxf3 24. gxf3 Rf8 25. Nd5 Bxd5 26. exd5 Bxa1 27. Rxa1 Qf7 28. Qxa7 Qxf3 29. Re1 Qxd5 30. Re3 Qd2 31. Re4 d5 32. Rg4 c3 33. Qb6 Qd1+ 34. Kh2 Qd3 35. Qe6+ Rf7 36. Qe8+ Kg7 37. Qe5+ Kf8 38. Qb8+ Ke7 39. Qxb7+ Kf6 40. Rf4+ 1-0

[Event "European Online Club-ch-C 2021"]
[Site "Online"]
[Date "2021.03.27"]
[Round "5.8"]
[White "Kollars, Dmitrij"]
[Black "Alvarez Fernandez, Enrique"]
[Result "1-0"]
[ECO "D15"]
[WhiteElo "2598"]
[BlackElo "2349"]
[Annotator "ChessBase"]
[PlyCount "115"]
[EventDate "2021.03.27"]
[EventType "team-tourn"]
[EventCountry "NET"]
[SourceTitle "playchess.com"]
[Source "ChessBase"]
[SourceQuality "1"]
[TimeControl "900+5"]

1. d4 d5 2. c4 c6 3. Nf3 Nf6 4. Nc3 dxc4 5. e4 b5 6. Be2 e6 7. O-O Be7 8. a4 b4 9. e5 bxc3 10. exf6 Bxf6 11. bxc3 O-O 12. Ne5 Ba6 13. Bf3 Qa5 14. Ba3 Rd8 15. Qe1 Qc7 16. Rb1 Bb7 17. Qe3 Nd7 18. Ng4 Rab8 19. Be4 h5 20. Qh3 Qf4 21. Nxf6+ Nxf6 22. Bf3 Ba8 23. Bc1 Qf5 24. Qxf5 exf5 25. Bg5 c5 26. Bxf6 gxf6 27. dxc5 Bxf3 28. gxf3 Rbc8 29. Rb5 Rd5 30. Ra5 Rc7 31. Ra6 Kg7 32. Kh1 f4 33. h4 Rdxc5 34. Rg1+ Kf8 35. Rxf6 R7c6 36. Rxf4 Ra6 37. Rb1 Rb6 38. Rd1 Ra6 39. Rd7 f6 40. Rb7 Rxa4 41. Rd4 Re5 42. Rdd7 Ra1+ 43. Kg2 a5 44. Rf7+ Kg8 45. Rg7+ Kh8 46. Rgf7 Re8 47. Ra7 Rg8+ 48. Kh2 Rgg1 49. Rf8+ Rg8 50. Rxf6 Rgg1 51. Rf8+ Rg8 52. Rf5 Rgg1 53. Rxh5+ Kg8 54. Rg5+ Rxg5 55. hxg5 a4 56. Kg3 a3 57. Kf4 a2 58. Kf5 1-0

[Event "European Online Club-ch-C 2021"]
[Site "Online"]
[Date "2021.03.27"]
[Round "5.9"]
[White "Babula, Vlastimil"]
[Black "Fedoseev, Vladimir"]
[Result "1-0"]
[ECO "E92"]
[WhiteElo "2559"]
[BlackElo "2687"]
[Annotator "ChessBase"]
[PlyCount "65"]
[EventDate "2021.03.27"]
[EventType "team-tourn"]
[EventCountry "NET"]
[SourceTitle "playchess.com"]
[Source "ChessBase"]
[SourceQuality "1"]
[TimeControl "900+5"]

1. d4 Nf6 2. c4 g6 3. Nc3 Bg7 4. e4 d6 5. Nf3 O-O 6. Be2 e5 7. d5 Na6 8. Nd2 Bh6 9. Nb3 Bxc1 10. Rxc1 Qe7 11. O-O Kg7 12. Qd2 Bg4 13. Na5 Bxe2 14. Qxe2 b6 15. Nc6 Qd7 16. f4 exf4 17. Rxf4 Nb8 18. Rcf1 Nh5 19. R4f2 Kg8 20. Nd4 Ng7 21. e5 dxe5 22. Qxe5 f5 23. g4 c5 24. Ne6 Nxe6 25. dxe6 Nc6 26. Qd5 Qe8 27. gxf5 Ne7 28. Qg2 Qc6 29. f6 Qxg2+ 30. Kxg2 Nf5 31. Nd5 Rfd8 32. Rxf5 gxf5 33. Rxf5 1-0

[Event "European Online Club-ch-C 2021"]
[Site "Online"]
[Date "2021.03.27"]
[Round "5.11"]
[White "Reuker, Jari"]
[Black "Esipenko, Andrey"]
[Result "0-1"]
[ECO "A28"]
[WhiteElo "2423"]
[BlackElo "2677"]
[Annotator "ChessBase"]
[PlyCount "116"]
[EventDate "2021.03.27"]
[EventType "team-tourn"]
[EventCountry "NET"]
[SourceTitle "playchess.com"]
[Source "ChessBase"]
[SourceQuality "1"]
[TimeControl "900+5"]

1. c4 Nf6 2. Nc3 e5 3. Nf3 Nc6 4. e4 Bb4 5. d3 d6 6. Be2 a5 7. O-O Bc5 8. Be3 Bxe3 9. fxe3 O-O 10. Nd5 Nxd5 11. cxd5 Ne7 12. Rc1 c6 13. dxc6 bxc6 14. d4 exd4 15. exd4 h6 16. Qd2 Be6 17. Bc4 Qd7 18. Kh1 a4 19. d5 cxd5 20. exd5 Bf5 21. Nd4 Bg6 22. Bb5 Qa7 23. Bc6 Rad8 24. Rc4 Rb8 25. Rxa4 Qb6 26. b3 Be4 27. Qe3 Bxd5 28. Qxe7 Bxc6 29. Nxc6 Qxc6 30. Qe2 Rb5 31. Rc4 Qa8 32. Rc7 Re5 33. Qf2 Qd5 34. h3 Qe6 35. Rc2 d5 36. Rd2 Rc8 37. b4 Rc3 38. Kh2 Rh5 39. Qf4 Rcxh3+ 40. gxh3 Qxh3+ 41. Kg1 Rg5+ 42. Kf2 Rf5 43. Qxf5 Qxf5+ 44. Ke2 Qe4+ 45. Kf2 Qxb4 46. Rfd1 Qa3 47. Re1 h5 48. Re3 Qd6 49. Red3 h4 50. Kg2 g5 51. Rxd5 Qg3+ 52. Kh1 Qf3+ 53. Kh2 g4 54. Rg5+ Kf8 55. Rd8+ Ke7 56. Rgg8 Qf2+ 57. Kh1 g3 58. Rde8+ Kf6 0-1

[Event "European Online Club-ch-C 2021"]
[Site "Online"]
[Date "2021.03.27"]
[Round "5.12"]
[White "Shimanov, Aleksandr"]
[Black "Colbow, Collin"]
[Result "1-0"]
[ECO "A44"]
[WhiteElo "2597"]
[BlackElo "2339"]
[Annotator "ChessBase"]
[PlyCount "61"]
[EventDate "2021.03.27"]
[EventType "team-tourn"]
[EventCountry "NET"]
[SourceTitle "playchess.com"]
[Source "ChessBase"]
[SourceQuality "1"]
[TimeControl "900+5"]

1. c4 c5 2. Nf3 g6 3. d4 Bg7 4. e4 d6 5. d5 e5 6. Nc3 Ne7 7. h3 O-O 8. g4 f5 9. Rg1 fxe4 10. Ng5 Na6 11. Ngxe4 Nc7 12. Be3 Rb8 13. Qd2 a6 14. a4 b5 15. axb5 axb5 16. cxb5 Bb7 17. Bc4 Nc8 18. b3 Nb6 19. Ra7 Qd7 20. Kd1 Nc8 21. Ra1 Qf7 22. Kc2 Rd8 23. Ng5 Qf8 24. h4 Nb6 25. Nge4 Ra8 26. Na4 Nxc4 27. bxc4 Bc8 28. Qe2 h6 29. Nb6 Rxa1 30. Rxa1 Bb7 31. Ra7 1-0

[Event "European Online Club-ch-C 2021"]
[Site "Online"]
[Date "2021.03.27"]
[Round "5.13"]
[White "Markoja, Boris"]
[Black "Wirig, Anthony"]
[Result "1/2-1/2"]
[ECO "E16"]
[WhiteElo "2439"]
[BlackElo "2500"]
[Annotator "ChessBase"]
[PlyCount "96"]
[EventDate "2021.03.27"]
[EventType "team-tourn"]
[EventCountry "NET"]
[SourceTitle "playchess.com"]
[Source "ChessBase"]
[SourceQuality "1"]
[TimeControl "900+5"]

1. d4 Nf6 2. c4 e6 3. g3 Bb4+ 4. Nd2 d5 5. Ngf3 O-O 6. Bg2 b6 7. O-O Bb7 8. Ne5 Nbd7 9. Qa4 Bxd2 10. Bxd2 Nxe5 11. dxe5 Nd7 12. cxd5 Bxd5 13. Bc3 Nc5 14. Qd4 Bxg2 15. Kxg2 Qxd4 16. Bxd4 Na6 17. Rfd1 Rfd8 18. Bc3 c5 19. a4 Kf8 20. e4 Ke7 21. Rd6 Nc7 22. b4 Rxd6 23. exd6+ Kxd6 24. Rd1+ Ke7 25. bxc5 bxc5 26. Bxg7 Na6 27. Be5 Rc8 28. Bd6+ Kf6 29. e5+ Kg6 30. Rc1 c4 31. f4 Rc6 32. Kf3 Nc7 33. Bxc7 Rxc7 34. Rc3 h5 35. Ke4 Rc8 36. h3 Rc7 37. Kd4 Kf5 38. Ke3 f6 39. exf6 Kxf6 40. g4 hxg4 41. hxg4 e5 42. Ke4 exf4 43. Kxf4 Ke6 44. Ke4 Rg7 45. Rxc4 Rxg4+ 46. Kd3 Rxc4 47. Kxc4 Kd6 48. Kb5 Kc7 1/2-1/2

[Event "European Online Club-ch-C 2021"]
[Site "Online"]
[Date "2021.03.27"]
[Round "5.14"]
[White "Micottis, Dorian"]
[Black "Subelj, Jan"]
[Result "0-1"]
[ECO "B13"]
[WhiteElo "2223"]
[BlackElo "2418"]
[Annotator "NA"]
[PlyCount "106"]
[EventDate "2021.03.27"]
[EventType "team-tourn"]
[EventCountry "NET"]
[SourceTitle "playchess.com"]
[Source "ChessBase"]
[SourceQuality "1"]
[TimeControl "900+5"]

1. e4 c6 2. d4 d5 3. exd5 cxd5 4. Bd3 Nc6 5. c3 Nf6 6. Bf4 Bg4 7. Qb3 e5 8. dxe5 Nh5 9. Be3 Nxe5 10. Bb5+ Nc6 11. h3 Be6 12. Qd1 Nf6 13. Nf3 a6 14. Be2 Bd6 15. O-O O-O 16. Nbd2 Nh5 17. Re1 Nf4 18. Bf1 Bf5 19. Nd4 Nxd4 20. Bxd4 Qg5 21. Kh1 Nxh3 22. gxh3 Qf4 23. Nf3 Be4 24. Rxe4 dxe4 25. Be3 Qxf3+ 26. Qxf3 exf3 27. Bd3 Rfe8 28. Bc4 Re5 29. Rd1 Bf8 30. Bd5 Re7 31. Bxf3 Rc8 32. Bd5 Rd7 33. Bf3 Rxd1+ 34. Bxd1 Bc5 35. Bf3 Bxe3 36. fxe3 Rc7 37. Bd5 b6 38. Kg2 a5 39. c4 Kf8 40. a3 Ke7 41. b4 axb4 42. axb4 Kd6 43. e4 Ke5 44. Kf3 f5 45. exf5 b5 46. h4 bxc4 47. Be4 c3 48. Bc2 h6 49. h5 Rb7 50. Ke3 Rxb4 51. Kd3 Rh4 52. Bd1 Rh3+ 53. Kc2 Kxf5 0-1

[Event "European Online Club-ch-C 2021"]
[Site "Online"]
[Date "2021.03.27"]
[Round "5.15"]
[White "Skuhala, Jernej"]
[Black "Bruch, Jochen"]
[Result "1-0"]
[ECO "B81"]
[WhiteElo "2351"]
[BlackElo "2187"]
[Annotator "NA"]
[PlyCount "63"]
[EventDate "2021.03.27"]
[EventType "team-tourn"]
[EventCountry "NET"]
[SourceTitle "playchess.com"]
[Source "ChessBase"]
[SourceQuality "1"]
[TimeControl "900+5"]

1. e4 c5 2. Nf3 e6 3. d4 cxd4 4. Nxd4 Nf6 5. Nc3 d6 6. g4 h6 7. Rg1 Nc6 8. Be3 Be7 9. f3 a6 10. Qd2 Qc7 11. O-O-O Bd7 12. Kb1 Ne5 13. h4 Nc4 14. Bxc4 Qxc4 15. g5 hxg5 16. hxg5 Nh5 17. Rh1 g6 18. f4 O-O-O 19. f5 Ng3 20. Rhg1 Nh5 21. f6 Bf8 22. Nb3 Qc7 23. Qf2 Re8 24. Bb6 Qb8 25. Qd4 Bc6 26. Na5 Nf4 27. Nc4 d5 28. Ba5 Bc5 29. Qxc5 dxc4 30. Na4 Ne2 31. Nb6+ Kc7 32. Rd7# 1-0

[Event "European Online Club-ch-C 2021"]
[Site "Online"]
[Date "2021.03.27"]
[Round "5.16"]
[White "Kirsch, Laurent"]
[Black "Marn, Jan"]
[Result "0-1"]
[ECO "A84"]
[WhiteElo "2120"]
[BlackElo "2346"]
[Annotator "NA"]
[PlyCount "68"]
[EventDate "2021.03.27"]
[EventType "team-tourn"]
[EventCountry "NET"]
[SourceTitle "playchess.com"]
[Source "ChessBase"]
[SourceQuality "1"]
[TimeControl "900+5"]

1. d4 d5 2. c4 e6 3. Nc3 c6 4. e3 Bd6 5. Bd3 f5 6. Nge2 Nf6 7. f3 O-O 8. O-O Nbd7 9. Bd2 b6 10. cxd5 Nxd5 11. e4 fxe4 12. fxe4 Nxc3 13. Nxc3 e5 14. Bc4+ Kh8 15. d5 Bb7 16. dxc6 Bxc6 17. Bd5 Bxd5 18. Nxd5 Nc5 19. Qg4 Qd7 20. Qh4 Nd3 21. b4 Nxb4 22. Bxb4 Bxb4 23. Rad1 Bc5+ 24. Kh1 Qb5 25. Rxf8+ Rxf8 26. Qe1 h6 27. h3 Rf2 28. Qc3 Rf1+ 29. Rxf1 Qxf1+ 30. Kh2 Bg1+ 31. Kg3 Qf2+ 32. Kg4 Qxg2+ 33. Kf5 Bd4 34. Qc8+ Kh7 0-1

[Event "European Online Club-ch-C 2021"]
[Site "Online"]
[Date "2021.03.27"]
[Round "5.17"]
[White "Vedmediuc, Serghei"]
[Black "Braun, Christian"]
[Result "1-0"]
[ECO "C11"]
[WhiteElo "2464"]
[BlackElo "2409"]
[Annotator "ChessBase"]
[PlyCount "69"]
[EventDate "2021.03.27"]
[EventType "team-tourn"]
[EventCountry "NET"]
[SourceTitle "playchess.com"]
[Source "ChessBase"]
[SourceQuality "1"]
[TimeControl "900+5"]

1. e4 e6 2. d4 d5 3. Nc3 Nf6 4. e5 Nfd7 5. f4 c5 6. Nf3 Nc6 7. Be3 a6 8. Qd2 Be7 9. dxc5 Nxc5 10. Qf2 Qa5 11. Bd3 Na4 12. O-O Nxb2 13. Ne2 Nxd3 14. cxd3 d4 15. Nexd4 Nxd4 16. Nxd4 O-O 17. Nb3 Qd5 18. Bc5 Bxc5 19. Qxc5 Qxc5+ 20. Nxc5 b6 21. Ne4 Bb7 22. Nd6 Bd5 23. a3 f6 24. d4 fxe5 25. dxe5 b5 26. g3 Rab8 27. Rab1 h6 28. Kf2 Rb6 29. Rfc1 Rc6 30. Rxc6 Bxc6 31. Ke3 g5 32. h4 Rb8 33. Kd4 Bd7 34. fxg5 hxg5 35. Ne4 1-0

[Event "European Online Club-ch-C 2021"]
[Site "Online"]
[Date "2021.03.27"]
[Round "5.18"]
[White "Lenaerts, Lennert"]
[Black "Le Goff, Ronan"]
[Result "1-0"]
[ECO "E20"]
[WhiteElo "2357"]
[BlackElo "2288"]
[Annotator "NA"]
[PlyCount "111"]
[EventDate "2021.03.27"]
[EventType "team-tourn"]
[EventCountry "NET"]
[SourceTitle "playchess.com"]
[Source "ChessBase"]
[SourceQuality "1"]
[TimeControl "900+5"]

1. d4 Nf6 2. c4 e6 3. Nc3 Bb4 4. g3 O-O 5. Bg2 Bxc3+ 6. bxc3 d6 7. Nf3 Nc6 8. O-O e5 9. c5 e4 10. Nd2 d5 11. e3 Re8 12. c4 dxc4 13. Nxc4 Qd5 14. Nd2 Bg4 15. Qb3 Qd7 16. Bb2 Bh3 17. f3 exf3 18. Nxf3 Bxg2 19. Kxg2 Qd5 20. Rae1 Re4 21. Bc1 Rae8 22. Qxd5 Nxd5 23. Ng5 R4e7 24. e4 Nxd4 25. Rd1 Rxe4 26. Nxe4 Rxe4 27. Rfe1 Rxe1 28. Rxe1 Ne6 29. Ba3 c6 30. Rb1 b5 31. cxb6 axb6 32. Bd6 f6 33. Rc1 c5 34. Kf3 Kf7 35. Ke4 Nb4 36. a3 Ng5+ 37. Ke3 Nd5+ 38. Ke2 Ke6 39. Bb8 Kd7 40. h4 Ne6 41. Kf3 Kc6 42. h5 g6 43. h6 f5 44. Re1 Nd4+ 45. Kg2 Kd7 46. Bf4 Nc2 47. Re2 Nxa3 48. Ra2 Nb5 49. Ra8 c4 50. Rh8 c3 51. Rxh7+ Ke6 52. Bc1 Nd6 53. Rg7 Kf6 54. Rg8 b5 55. h7 Nf7 56. Rf8 1-0

[Event "European Online Club-ch-C 2021"]
[Site "Online"]
[Date "2021.03.27"]
[Round "5.19"]
[White "Bouget, Alexandre"]
[Black "Van Meegen, Ruud"]
[Result "1-0"]
[ECO "E46"]
[WhiteElo "2247"]
[BlackElo "2295"]
[Annotator "NA"]
[PlyCount "97"]
[EventDate "2021.03.27"]
[EventType "team-tourn"]
[EventCountry "NET"]
[SourceTitle "playchess.com"]
[Source "ChessBase"]
[SourceQuality "1"]
[TimeControl "900+5"]

1. d4 Nf6 2. c4 e6 3. Nc3 Bb4 4. e3 O-O 5. Bd2 d5 6. cxd5 exd5 7. Bd3 Re8 8. Nf3 Nbd7 9. O-O c6 10. Qc2 Bd6 11. Rab1 Nf8 12. b4 Bg4 13. Ne1 a6 14. h3 Bh5 15. f4 Ne4 16. Nxe4 dxe4 17. Bxe4 f6 18. Nf3 Bf7 19. Bd3 Bc7 20. Rbd1 Qd7 21. Rfe1 Rad8 22. a4 Kh8 23. Rb1 Ra8 24. Rb2 Bg6 25. Bxg6 Nxg6 26. b5 axb5 27. axb5 cxb5 28. Qd3 Ba5 29. Bxa5 Rxa5 30. Reb1 Qe7 31. f5 Nf8 32. Kf2 Ra3 33. Rb3 b4 34. Qc4 Nd7 35. Qxb4 Qxb4 36. Rxb4 Raxe3 37. Rxb7 Nf8 38. Rb8 R3e7 39. Rxe8 Rxe8 40. Rb7 Kg8 41. g4 Rd8 42. Ke3 Nd7 43. Nd2 Kf8 44. Ne4 Ke8 45. Nc5 Ke7 46. Ke4 Kd6 47. Rxd7+ Rxd7 48. Nxd7 Kxd7 49. Kd5 1-0

[Event "European Online Club-ch-C 2021"]
[Site "Online"]
[Date "2021.03.27"]
[Round "5.20"]
[White "De Mon, Gino"]
[Black "Lahoche, Dorian"]
[Result "1/2-1/2"]
[ECO "E61"]
[WhiteElo "2060"]
[BlackElo "2124"]
[Annotator "NA"]
[PlyCount "128"]
[EventDate "2021.03.27"]
[EventType "team-tourn"]
[EventCountry "NET"]
[SourceTitle "playchess.com"]
[Source "ChessBase"]
[SourceQuality "1"]
[TimeControl "900+5"]

1. d4 Nf6 2. c4 g6 3. Nf3 Bg7 4. Bf4 O-O 5. e3 d6 6. h3 Nbd7 7. Nc3 b6 8. Be2 Bb7 9. O-O Re8 10. Bh2 e5 11. d5 Nc5 12. Qc2 a5 13. b3 c6 14. dxc6 Bxc6 15. Rad1 Qe7 16. Rfe1 Red8 17. Nd5 Nxd5 18. cxd5 Bb7 19. Bb5 Rdc8 20. Qe2 Ne4 21. Bc6 Nc3 22. Qc4 Nxd1 23. Rxd1 Ba6 24. Qa4 Rab8 25. Nd2 Qd8 26. Rc1 b5 27. Qg4 f5 28. Qd1 Rc7 29. g4 fxg4 30. hxg4 Rbc8 31. Bg3 Bb7 32. Qf3 Bxc6 33. dxc6 d5 34. Qe2 Rxc6 35. Rxc6 Rxc6 36. Qxb5 Rc2 37. Nf3 Rxa2 38. Bxe5 Bxe5 39. Nxe5 Rd2 40. Qc6 Qe7 41. f4 d4 42. Qc4+ Kg7 43. exd4 Qb7 44. Nc6 Qd7 45. f5 gxf5 46. g5 f4 47. Ne5 Qxd4+ 48. Qxd4 Rxd4 49. Nc6 Rd5 50. Kf2 Rxg5 51. Nd4 Re5 52. Kf3 Re3+ 53. Kxf4 Rd3 54. Ne6+ Kf6 55. Nc5 Rc3 56. Ne4+ Ke6 57. Nxc3 Kd6 58. Ke4 Kc5 59. Kd3 Kb4 60. Kc2 h5 61. Nd5+ Kb5 62. Kc3 h4 63. Nf4 a4 64. bxa4+ Kxa4 1/2-1/2

[Event "European Online Club-ch-C 2021"]
[Site "Online"]
[Date "2021.03.27"]
[Round "6.1"]
[White "Sahin, Ozgun"]
[Black "Lenaerts, Lennert"]
[Result "0-1"]
[ECO "C45"]
[WhiteElo "2281"]
[BlackElo "2357"]
[Annotator "NA"]
[PlyCount "146"]
[EventDate "2021.03.27"]
[EventType "team-tourn"]
[EventCountry "NET"]
[SourceTitle "playchess.com"]
[Source "ChessBase"]
[SourceQuality "1"]
[TimeControl "900+5"]

1. e4 e5 2. Nf3 Nc6 3. d4 exd4 4. Nxd4 Nf6 5. Nxc6 bxc6 6. Nd2 d5 7. exd5 cxd5 8. Bb5+ Bd7 9. Bxd7+ Qxd7 10. O-O Be7 11. Re1 O-O 12. b3 a5 13. a4 Bb4 14. Bb2 Qd6 15. Be5 Qb6 16. c3 Bc5 17. Qf3 Rfe8 18. Nf1 Bxf2+ 19. Qxf2 Qxf2+ 20. Kxf2 Rxe5 21. Rxe5 Ng4+ 22. Kg3 Nxe5 23. Ne3 c6 24. b4 Rb8 25. b5 cxb5 26. Nxd5 b4 27. cxb4 axb4 28. a5 b3 29. a6 b2 30. Rb1 Nc4 31. a7 Ra8 32. Ne3 Ne5 33. Rxb2 Nc6 34. Rb6 Nxa7 35. Ra6 Re8 36. Nd5 Nc8 37. Nc7 Rf8 38. Nd5 g6 39. Rc6 Kg7 40. h3 Rd8 41. Ne3 Nd6 42. Kf3 Ne8 43. Ng4 Rd5 44. Ne3 Rb5 45. Nc4 Nf6 46. Rc7 Rb3+ 47. Kf2 Rc3 48. Ke2 Nd5 49. Rc6 Ne3 50. Ne5 Rxc6 51. Nxc6 Nxg2 52. Kf3 Nh4+ 53. Kg3 Nf5+ 54. Kf2 Kf6 55. Nd8 h5 56. Kf3 Nd4+ 57. Kg3 g5 58. Nb7 Ke5 59. Nc5 f5 60. Nd7+ Ke6 61. Nc5+ Kd5 62. Nd7 f4+ 63. Kg2 Ke6 64. Nc5+ Kf5 65. Nd3 g4 66. hxg4+ hxg4 67. Kf2 Ne6 68. Kg2 Ng5 69. Kf2 Ne4+ 70. Kg2 f3+ 71. Kf1 g3 72. Kg1 Ng5 73. Kf1 g2+ 0-1